 Dungeon Crawl Stone Soup version 0.20-a0-513-g02c11fc (webtiles) character file.

134 seren the Magician (level 4, 0/30 HPs)
             Began as a Mummy Wizard on Jan 23, 2017.
             Slain by an orc wizard
             ... wielding a +0 dagger
              (2 damage)
             ... on level 3 of the Dungeon.
             The game lasted 00:17:20 (4049 turns).

seren the Magician (Mummy Wizard)                   Turns: 4049, Time: 00:17:21

Health: 0/30       AC:  1    Str: 10    XL:     4   Next: 95%
Magic:  0/11       EV: 12    Int: 18    God:
Gold:   210        SH:  0    Dex: 10    Spells: 2/13 levels left

rFire    x x .     SeeInvis .   n - -2 dagger (curse)
rCold    + + .     Gourm    .   h - -2 robe (curse)
rNeg     + + +     Faith    .   (no shield)
rPois    ∞         Spirit   .   b - +1 hat
rElec    .         Reflect  .   (no cloak)
rCorr    .         Harm     .   (no gloves)
MR       .....     Rnd*Tele +   (no boots)
Stlth    ++........             (no amulet)
Regen    0.1/turn               p - ring of teleportation (curse)
                                l - ring of ice

@: very slightly contaminated, repel missiles
A: no food or potions, fire vulnerability, cold resistance 1, negative energy
resistance 3, torment resistance, unbreathing
a: no special abilities


You were on level 3 of the Dungeon.
You were not hungry.

You visited 1 branch of the dungeon, and saw 4 of its levels.

You collected 210 gold pieces.

Inventory:

Hand Weapons
 e - a +0 hand axe
 i - a +1 dagger
 k - a +0 short sword
 n - a cursed -2 dagger (weapon)
 o - a +0 spear
 q - a +2 dagger of protection
Armour
 a - a +1 robe
 b - a +1 hat (worn)
 d - a +0 animal skin
 h - a cursed -2 robe (worn)
Jewellery
 l - a ring of ice (left hand)
 p - a cursed ring of teleportation (right hand)
Scrolls
 f - 2 scrolls of magic mapping
 g - a scroll of enchant weapon
 j - a scroll of identify
 m - a scroll of fear
Books
 c - a book of Minor Magic

   Spells                             Type                      Level
   a - Magic Dart                     Conjuration                  1
   b - Blink                          Translocation                2
   c - Call Imp                       Summoning                    2
   d - Repel Missiles                 Charms/Air                   2
   e - Slow                           Hexes                        2
   f - Conjure Flame                  Conjuration/Fire             3
   g - Mephitic Cloud                 Conjuration/Poison/Air       3


   Skills:
 - Level 1.5 Dodging
 - Level 1.5 Stealth
 - Level 5.2 Spellcasting
 + Level 3.2 Conjurations
   Level 0.7 Summonings
 - Level 0.7 Translocations


You had 2 spell levels left.
You knew the following spells:

 Your Spells              Type           Power        Failure   Level  Hunger
a - Magic Dart            Conj           ###.         3%          1    N/A
b - Blink                 Tloc           N/A          14%         2    N/A
c - Conjure Flame         Conj/Fire      ##......     24%         3    N/A
d - Mephitic Cloud        Conj/Pois/Air  #.......     30%         3    N/A
r - Repel Missiles        Chrm/Air       #.....       21%         2    N/A

Dungeon Overview and Level Annotations

Branches:
Dungeon (4/15)
 Temple: D:4-7

Altars:
Hepliaklqana

Annotations:
D:2 Ijyb, Robin


Innate Abilities, Weirdness & Mutations

You do not eat or drink.
Your flesh is vulnerable to fire.
You are immune to poison.
Your flesh is cold resistant. (rC+)
You are immune to negative energy. (rN+++)
You are immune to unholy pain and torment.
You can survive without breathing.


Message History

Confirm with . or Enter, or press ? or * to list all spells.
Aiming: Magic Dart
Press: ? - help, Shift-Dir - straight line, f/p - orc wizard
Aim: an orc wizard, wielding a dagger and wearing a glowing robe (severely wounded)
The magic dart hits the orc wizard.
The orc wizard is almost dead.
The orc wizard hits you with a dagger.
* * * LOW HITPOINT WARNING * * *
You hit the orc wizard but do no damage.
The orc wizard is almost dead.
The orc wizard hits you with a dagger.
* * * LOW HITPOINT WARNING * * *
You hit the orc wizard.
The orc wizard is almost dead.
The orc wizard hits you with a dagger.
* * * LOW HITPOINT WARNING * * *
You hit the orc wizard but do no damage.
The orc wizard is almost dead.
The orc wizard hits you with a dagger.
You die...

♣##. #.# ... ####.#
##o## #....# #..)####
#.###### #...(o.#
#.####.. #..(##.#
###.##.... ######.#
#......#..
#.############......###
#....o@........<....#%.
##############.....##.#
#........# ##########


You could see an orc wizard.

Vanquished Creatures
  Jessica (D:2)
  3 adders (D:3)
  A dart slug (D:1)
  2 worms
  4 leopard geckos
  2 orcs (D:3)
  A ball python (D:1)
  5 giant cockroaches
  9 goblins
  9 hobgoblins
  2 jackals (D:2)
  6 kobolds
  7 bats
  4 frilled lizards
  8 rats
64 creatures vanquished.

Notes
Turn   | Place    | Note
-------+----------+-------------------------------------------
     0 | D:1      | seren the Mummy Wizard began the quest for the Orb.
     0 | D:1      | Reached XP level 1. HP: 13/13 MP: 5/5
    63 | D:1      | Reached skill level 1 in Conjurations
   842 | D:2      | Reached XP level 2. HP: 19/19 MP: 4/7
   846 | D:2      | Learned a level 2 spell: Blink
   880 | D:2      | Noticed Robin
  1770 | D:1      | Reached XP level 3. HP: 24/24 MP: 5/8
  1827 | D:1      | Learned a level 2 spell: Repel Missiles
  1831 | D:1      | Learned a level 3 spell: Conjure Flame
  2485 | D:2      | Learned a level 3 spell: Mephitic Cloud
  2553 | D:3      | Found a hazy altar of Hepliaklqana.
  2824 | D:2      | Noticed Jessica
  2836 | D:2      | Killed Jessica
  2836 | D:2      | Reached skill level 5 in Spellcasting
  2836 | D:2      | Reached XP level 4. HP: 30/30 MP: 1/11
  3043 | D:2      | Noticed Ijyb
  4049 | D:3      | Slain by an orc wizard

Vault maps used:
D:1:      scummos_arrival_simple_crosswalls
D:2:      minmay_misc_feat_more_columns, kennysheep_doodads, uniq_iyjb,
          uniq_jessica, uniq_robin
D:3:      nicolae_overflow_hidden_temple, serial_forest,
          infiniplex_forest_clump_small, infiniplex_forest_clump_tiny,
          infiniplex_forest_straight_4, infiniplex_forest_end_2,
          infiniplex_forest_straight_1
D:4:      first_bread, makhleb_heckhound_becter, uniq_pikel

Skill      XL: |  1  2  3  4 |
---------------+-------------+-----
Conjurations   | 1 2 3 |  3.2
Spellcasting   | 5 |  5.2
Dodging        | |  1.5
Stealth        | |  1.5
Summonings     | |  0.7
Translocations | |  0.7

Action                   |  1- 3 |  4- 6 || total
-------------------------+-------+-------++-------
Melee: Hand axe          |     3 |       ||     3
       Dagger            |    37 |     5 ||    42
 Cast: Magic Dart        |   124 |    76 ||   200
       Repel Missiles    |     1 |       ||     1
  Use: Scroll            |     7 |     1 ||     8
 Stab: Sleeping          |     1 |       ||     1
Armor: Robe              |    20 |       ||    20
Dodge: Dodged            |    47 |    25 ||    72
       Deflected         |       |     2 ||     2
